 Dungeon Crawl Stone Soup version 0.19.0-19-g8c6edcc (webtiles) character file.

58930 MDvedh the Warrior (level 14, -4/135 HPs)
             Began as a Minotaur Enchanter on Nov 11, 2016.
             Was a High Priest of Jiyva.
             Killed from afar by an orc sorcerer (13 damage)
             ... with a bolt of negative energy
             ... while paralysed by an orc sorcerer
             ... on level 2 of the Orcish Mines on Nov 14, 2016.
             The game lasted 00:36:37 (22071 turns).

MDvedh the Warrior (Minotaur Enchanter)            Turns: 22071, Time: 00:36:38

Health: -4/135     AC: 26    Str: 23    XL:     14   Next: 51%
Magic:  22/22      EV:  2    Int:  9    God:    Jiyva [*****.]
Gold:   776        SH:  0    Dex: 17    Spells: 0 memorised, 15 levels left

rFire  + . .     SeeInvis .     r - +5 whip (elec)
rCold  . . .     Gourm    .     c - +3 plate armour {rF+}
rNeg   . . .     Faith    .     (no shield)
rPois  +         Spirit   .     (helmet unavailable)
rElec  .         Reflect  .     q - +1 cloak
rCorr  +         Harm     .     y - +0 pair of gloves
MR     +....                    W - +0 pair of boots
Stlth  ..........               B - amulet of regeneration
                                e - ring "Kioserocs" {rPois MP+9 Int+2}
                                I - +6 ring of dexterity

@: paralysed, heavily drained
A: retaliatory headbutt, horns 3, icy blue scales 1, low mp 1, mutation
resistance 1
a: Request Jelly, Slimify, Cure Bad Mutation, Renounce Religion


You were on level 2 of the Orcish Mines.
You worshipped Jiyva.
Jiyva was extremely pleased with you.
You were very full.

You visited 3 branches of the dungeon, and saw 20 of its levels.

You collected 1515 gold pieces.
You spent 739 gold pieces at shops.

Inventory:

Hand Weapons
 r - a +5 whip of electrocution (weapon)
 z - a +0 flail
Armour
 c - a +3 plate armour of fire resistance (worn)
 q - a +1 cloak (worn)
 x - a +2 hat
 y - a +0 pair of gloves (worn)
 W - a +0 pair of boots (worn)
Jewellery
 e - the ring "Kioserocs" (right hand) {rPois MP+9 Int+2}
   (You bought it in a shop on level 11 of the Dungeon)

   [ring of poison resistance]

   It affects your intelligence (+2).
   It protects you from poison.
   It affects your magic capacity (+9).
 v - the ring of Winter {rF+ rN+ Int+2}
   (You bought it in a shop on level 11 of the Dungeon)

   [ring of intelligence]

   It affects your intelligence (+2).
   It protects you from fire.
   It protects you from negative energy.
 w - an uncursed ring of protection from magic
 B - an amulet of regeneration (around neck)
 I - a +6 ring of dexterity (left hand)
 K - an uncursed ring of resist corrosion
 Q - an uncursed ring of protection from fire
 R - an uncursed ring of ice
Wands
 D - a wand of polymorph (18/24)
 U - a wand of teleportation (4/9)
Scrolls
 b - a scroll of recharging
 g - 9 scrolls of identify
 k - 4 scrolls of immolation
 m - 5 scrolls of teleportation
 o - 4 scrolls of blinking
 u - 2 scrolls of magic mapping
 A - 8 scrolls of remove curse
 M - 2 scrolls of amnesia
 O - a scroll of enchant weapon
 P - a scroll of fear
 S - a scroll of summoning
Potions
 a - 11 potions of curing
 i - 6 potions of lignification
 j - 2 potions of invisibility
 n - 2 potions of brilliance
 p - 2 potions of haste
 s - a potion of resistance
 E - a potion of might
 G - a potion of cure mutation
 H - 5 potions of heal wounds
 L - a potion of cancellation
 N - a potion of agility
Books
 T - a book of Beasts

   Spells                             Type                      Level
   a - Summon Butterflies             Summoning                    1
   b - Call Canine Familiar           Summoning                    3
   c - Summon Ice Beast               Ice/Summoning                4
   d - Summon Mana Viper              Hexes/Summoning              5
   e - Summon Hydra                   Summoning                    7
Comestibles
 d - a bread ration
 f - 20 royal jellies
 h - 27 fruits
 l - 2 slices of pizza
 t - a chunk of flesh
 C - 4 beef jerkies
 F - 5 meat rations


   Skills:
 + Level 15.2(13.2) Fighting
   Level 1.1(0.0) Short Blades
 + Level 13.8(11.8) Maces & Flails
 + Level 15.1(13.1) Armour
 + Level 14.2(12.2) Dodging
 - Level 2.4(0.9) Stealth
 - Level 1.3(0.0) Spellcasting
   Level 2.0(0.5) Hexes


You had 15 spell levels left.
You didn't know any spells.

Dungeon Overview and Level Annotations

Branches:
Dungeon (12/15)            Temple (0/1) D:5            Lair (6/6) D:11
 Shoals (0/4) Lair:2       Spider (0/4) Lair:2        Slime (0/5) Lair:5
    Orc (2/2) D:9             Elf (0/3) Orc:2

Altars:
Cheibriados
Fedhas
Gozag
Makhleb
Nemelex Xobeh
Qazlal
Ru
Trog
Vehumet
Xom
The Shining One
Beogh
Jiyva

Shops:
D:6 (   D:11 =   Orc:2 [


Innate Abilities, Weirdness & Mutations

You reflexively headbutt those who attack you in melee.
You have a pair of large horns on your head.
You are partially covered in icy blue scales. (AC +2)
Your magical capacity is low. (-10% MP)
You are somewhat resistant to further mutation.


Message History

The ice devil hits you but does no damage.
The orc sorcerer casts a spell at you. The bolt of fire hits you! You resist.
* * * LOW HITPOINT WARNING * * *
The orc sorcerer hits you but does no damage.
The ynoxinul gestures.
The ice devil hits you but does no damage.
The ufetubus barely misses you.
The ufetubus hits you but does no damage.
The orc sorcerer hits you but does no damage. x2
The ynoxinul hits you but does no damage.
The ufetubus hits you but does no damage. x4
The ice devil hits you!
* * * LOW HITPOINT WARNING * * *
The ice devil freezes you!
* * * LOW HITPOINT WARNING * * *
The orc sorcerer casts a spell at you.
Helpless, you fail to dodge the bolt of negative energy.
You feel drained.
You die...

.#*#,,,*,,..#........(# *** *
####..,,,,......#....############
......,*,*#.......(†(.......).))#
#####.,***##......(.)##########[)
#.∩.##,,*##.........##*,,,*,,,###
.....##,*#$........)# *,,,*,,,**#
.._...#,#....#..5..####,,,*,,,**∩
..8...#,.......5343#.8##+###+**8,
......#.#......5@85o........,,,,,
.)...##.#.......oo3)......8.,,,,,
#.[)##...........85'.......o,,,,,
###'#......._......#.8##'###h**8,
...)..#............####,,.#,,,**∩
#....###............# *,,,#,,,**#
....#.#.............##*,,,*,,,###
#..#.................#*****####..
#.....#.........#...............#


You could see an ice devil, 2 smoke demons, a ynoxinul, 2 orc sorcerers, an orc
and 5 ufetubi.

Vanquished Creatures
  Gastronok (Lair:3)
  An orc warlord (Orc:2)
  Nessos (Lair:6)
  A dire elephant (Lair:6)
  Fannar (Lair:3)
  The ghost of Nicoed the Fighter, a novice OgBe of Yredelemnul (D:9)
  2 catoblepae (Lair:6)
  9 hydras
  4 death yaks (Lair:6)
  A deep troll shaman (Lair:6)
  2 orc high priests
  The ghost of Chiseanne the Bolt Thrower, a novice DEHu of Gozag (D:8)
  Pikel (D:6)
  3 hill giants
  2 lindwurms (Lair:6)
  2 orc knights (Orc:2)
  A manticore (D:11)
  A cyclops (D:11)
  A siren (Lair:2)
  Joseph (D:7)
  2 black mambas (Lair:6)
  20 elephants
  11 spiny frogs
  2 komodo dragons
  4 rime drakes
  2 trolls
  3 polar bears
  3 two-headed ogres
  Grinder (D:3)
  A queen bee (Lair:1)
  A hornet (D:8)
  4 blink frogs (Lair:3)
  12 hippogriffs
  Sigmund (D:3)
  A wraith (D:9)
  A vampire (D:10)
  35 yaks
  2 wyverns
  2 hungry ghosts
  2 basilisks
  3 wargs
  11 water moccasins
  8 porcupines
  A swamp drake (D:9)
  26 orc warriors
  An ice beast (D:11)
  A sky beast (D:8)
  A slave (D:6)
  A black bear (D:10)
  An eye of draining (D:10)
  3 necrophages
  An ogre (D:9)
  2 phantoms (D:10)
  6 wolves
  9 centaurs
  12 crocodiles
  A big kobold (D:7)
  10 bullfrogs
  2 scorpions
  32 killer bees
  5 wights (D:9)
  4 howler monkeys
  A bullfrog zombie (D:4)
  A quasit (D:10)
  3 crimson imps
  16 orc priests
  7 hounds
  21 orc wizards
  8 jellies
  A bullfrog skeleton (D:5)
  5 iguanas
  9 worker ants
  3 hound skeletons
  Robin (D:2)
  2 worker ant zombies
  6 gnolls
  12 adders
  A shadow imp (D:8)
  7 oozes
  An adder skeleton (D:6)
  An adder zombie (D:6)
  5 worms
  A dart slug (D:2)
  9 leopard geckos
  70 orcs
  7 giant cockroaches
  14 goblins
  9 hobgoblins
  7 jackals
  7 quokkas
  2 ball pythons
  9 bats
  2 frilled lizards
  8 kobolds
  A leopard gecko skeleton (D:7)
  A leopard gecko zombie (D:5)
  2 quokka zombies (D:5)
  6 rats
554 creatures vanquished.

Vanquished Creatures (others)
  A hippogriff (Lair:6)
  2 slaves (D:6)
  An orc warrior (D:6)
  A black bear (Lair:6)
  A wolf (Lair:6)
  A centaur (D:6)
  A bullfrog (D:6)
  50 jellies
  A killer bee (D:7)
  An orc priest (Orc:2)
  An adder (D:6)
  A leopard gecko (D:6)
  3 orcs (Orc:2)
  A bush (Lair:6)
  16 fungi
  9 plants (Lair:6)
91 creatures vanquished.

Grand Total: 645 creatures vanquished

Notes
Turn   | Place    | Note
-------+----------+-------------------------------------------
     0 | D:1      | MDvedh the Minotaur Enchanter began the quest for the Orb.
     0 | D:1      | Reached XP level 1. HP: 14/14 MP: 1/1
     0 | D:1      | Upgraded the game from 0.19.0-18-g426998a to 0.19.0-19-g8c6edcc
   215 | D:1      | Reached skill level 1 in Fighting
   261 | D:1      | Reached XP level 2. HP: 23/23 MP: 3/3
   452 | D:1      | Reached skill level 1 in Armour
   738 | D:2      | Reached XP level 3. HP: 19/29 MP: 4/4
  1091 | D:2      | Found a sacrificial altar of Ru.
  1372 | D:2      | Found a snail-covered altar of Cheibriados.
  1493 | D:2      | Reached XP level 4. HP: 36/37 MP: 5/5
  1597 | D:3      | Noticed Robin
  1608 | D:2      | Killed Robin
  1608 | D:2      | Reached skill level 1 in Maces & Flails
  1771 | D:3      | Noticed Grinder
  1796 | D:3      | Killed Grinder
  1796 | D:3      | Reached skill level 5 in Maces & Flails
  1796 | D:3      | Reached XP level 5. HP: 21/42 MP: 6/6
  1796 | D:3      | Reached XP level 6. HP: 25/50 MP: 7/7
  2244 | D:3      | Noticed Sigmund
  2269 | D:3      | Killed Sigmund
  2651 | D:3      | Found a shimmering altar of Xom.
  3076 | D:4      | Noticed a hippogriff
  3086 | D:4      | Killed a hippogriff
  3086 | D:4      | Reached XP level 7. HP: 7/56 MP: 8/8
  3945 | D:5      | Entered Level 5 of the Dungeon
  4124 | D:5      | Reached XP level 8. HP: 17/62 MP: 9/9
  4433 | D:5      | Found a staircase to the Ecumenical Temple.
  4629 | D:5      | Reached skill level 10 in Maces & Flails
  5004 | D:5      | Found an opulent altar of Gozag.
  5046 | D:5      | Found a blossoming altar of Fedhas.
  5050 | D:5      | Found a glowing golden altar of the Shining One.
  5055 | D:5      | Found a radiant altar of Vehumet.
  5484 | D:6      | Noticed Pikel
  5553 | D:6      | Killed Pikel
  5586 | D:6      | Found Empey's Antique Weapon Emporium.
  5719 | D:6      | Reached XP level 9. HP: 27/68 MP: 10/10
  6075 | D:6      | Found a stormy altar of Qazlal.
  6874 | D:7      | Reached skill level 5 in Fighting
  6874 | D:7      | Reached skill level 5 in Armour
  6874 | D:7      | Reached skill level 5 in Dodging
  7082 | D:7      | Noticed Joseph
  7102 | D:7      | Killed Joseph
  7102 | D:7      | Reached XP level 10. HP: 52/83 MP: 11/11
  7103 | D:7      | Found a sparkling altar of Nemelex Xobeh.
  7774 | D:8      | Found a bloodstained altar of Trog.
  7945 | D:8      | Noticed Chiseanne's ghost (novice DEHu)
  7957 | D:8      | Killed Chiseanne's ghost
  8410 | D:8      | Found a burning altar of Makhleb.
  8861 | D:9      | Noticed a hill giant
  8869 | D:9      | Killed a hill giant
  9072 | D:9      | Found a staircase to the Orcish Mines.
  9379 | D:9      | Noticed Nicoed's ghost (novice OgBe)
  9416 | D:9      | Killed Nicoed's ghost
  9416 | D:9      | Reached XP level 11. HP: 58/95 MP: 12/12
  9805 | D:10     | Entered Level 10 of the Dungeon
 11264 | D:11     | Noticed a hill giant
 11271 | D:11     | Killed a hill giant
 11271 | D:11     | Reached skill level 10 in Fighting
 11454 | D:11     | Found a staircase to the Lair.
 11466 | D:11     | Reached skill level 10 in Armour
 11674 | D:11     | Gained mutation: You evolve. [potion of mutation]
 11674 | D:11     | Gained mutation: You are robust. (+10% HP) [potion of mutation]
 11674 | D:11     | Gained mutation: You expend magic power (3 MP) to strengthen your wands. [potion of mutation]
 11675 | D:11     | Gained mutation: You have a pair of large horns on your head. [potion of mutation]
 11675 | D:11     | Gained mutation: Your magical capacity is low. (-10% MP) [potion of mutation]
 11809 | D:11     | Found Raecw's Jewellery Emporium.
 11817 | D:11     | Bought the ring "Kioserocs" {rPois MP+9 Int+2} for 405 gold pieces
 11817 | D:11     | Bought the ring of Winter {rF+ rN+ Int+2} for 334 gold pieces
 11915 | D:11     | You fall through a shaft!
 11921 | D:12     | Reached skill level 10 in Dodging
 11948 | D:12     | Noticed a hill giant
 11956 | D:12     | Killed a hill giant
 12069 | D:11     | Reached XP level 12. HP: 80/121 MP: 11/11
 12286 | Lair:1   | Entered Level 1 of the Lair of Beasts
 12646 | Lair:1   | Lost mutation: You are robust. (+10% HP) [evolution]
 13580 | Lair:2   | Found a hole to the Spider Nest.
 14069 | Lair:2   | Found a staircase to the Shoals.
 14941 | Lair:3   | Noticed Gastronok
 14963 | Lair:3   | Killed Gastronok
 14976 | Lair:3   | Reached XP level 13. HP: 69/119 MP: 12/12
 15256 | Lair:3   | Noticed Fannar
 15267 | Lair:3   | Killed Fannar
 15534 | Lair:3   | Gained mutation: You are partially covered in iridescent scales. (AC +2) [evolution]
 17197 | Lair:5   | Found a staircase to the Slime Pits.
 17197 | Lair:5   | Found a viscous altar of Jiyva.
 17233 | Lair:5   | Became a worshipper of Jiyva Jyduac the Shapeless
 17285 | Lair:5   | Reached * piety under Jiyva
 17753 | Lair:6   | Entered Level 6 of the Lair of Beasts
 17767 | Lair:6   | Noticed Nessos
 17804 | Lair:5   | Reached ** piety under Jiyva
 18281 | Lair:6   | Killed Nessos
 18607 | Lair:6   | Reached *** piety under Jiyva
 19200 | Lair:6   | Lost mutation: You expend magic power (3 MP) to strengthen your wands. [Jiyva's grace]
 19222 | Lair:6   | Reached **** piety under Jiyva
 19881 | Lair:6   | Reached XP level 14. HP: 110/133 MP: 13/13
 20027 | Lair:6   | Lost mutation: You are partially covered in iridescent scales. (AC +2) [Jiyva's grace]
 21261 | Orc:1    | Entered Level 1 of the Orcish Mines
 21280 | D:9      | Reached skill level 15 in Fighting
 21318 | D:9      | Gained mutation: You are partially covered in icy blue scales. (AC +2) [Jiyva's grace]
 21318 | D:9      | Reached ***** piety under Jiyva
 21447 | Orc:1    | Lost mutation: You evolve. [Jiyva's grace]
 21447 | Orc:1    | Gained mutation: You are somewhat resistant to further mutation. [Jiyva's grace]
 21514 | Orc:2    | Entered Level 2 of the Orcish Mines
 21525 | Orc:2    | Found a roughly hewn altar of Beogh.
 21565 | Orc:2    | Found a roughly hewn altar of Beogh.
 21565 | Orc:2    | Found Eraaxez's Antique Armour Boutique.
 21703 | Orc:2    | Found a roughly hewn altar of Beogh.
 21818 | Orc:2    | Found a roughly hewn altar of Beogh.
 21893 | Orc:2    | Found a staircase to the Elven Halls.
 21955 | Orc:2    | Noticed an orc warlord
 21995 | Orc:2    | Reached skill level 15 in Armour
 22009 | Orc:2    | Killed an orc warlord
 22066 | Orc:2    | Paralysed by an orc sorcerer for 7 turns
 22071 | Orc:2    | Killed from afar by an orc sorcerer

Skill      XL: |  1  2  3  4  5  6  7  8  9 10 11 12 13 14 |
---------------+-------------------------------------------+-----
Fighting       | 1 2 6 8 11 12 14 15 | 15.2
Armour         | 1 2 5 8 10 12 14 15 | 15.1
Dodging        | 3 5 8 10 12 13 14 | 14.2
Maces & Flails | 5 8 9 12 13 | 13.8
Short Blades   | |  1.1
Stealth        | |  2.4
Spellcasting   | |  1.3
Hexes          | |  2.0

Action                   |  1- 3 |  4- 6 |  7- 9 | 10-12 | 13-15 || total
-------------------------+-------+-------+-------+-------+-------++-------
Melee: Dagger            |    81 |    13 |       |       |       ||    94
       Headbutt          |    12 |    14 |    60 |   165 |   215 ||   466
       Flail             |       |    99 |    87 |       |       ||   186
       Whip              |       |       |   272 |   889 |   642 ||  1803
Invok: Request Jelly     |       |       |       |       |     2 ||     2
  Use: Scroll            |       |       |       |    30 |     3 ||    33
       Potion            |       |       |       |     3 |     1 ||     4
 Stab: Sleeping          |     6 |     2 |       |       |       ||     8
       Distracted        |       |     1 |       |       |       ||     1
  Eat: Chunk             |     2 |     5 |    10 |    15 |     2 ||    34
       Bread ration      |       |       |     1 |     2 |     3 ||     6
       Beef jerky        |       |       |       |     1 |       ||     1
       Pizza             |       |       |       |       |     1 ||     1
Armor: Robe              |     6 |       |       |       |       ||     6
       Ring mail         |    18 |    44 |     7 |       |       ||    69
       Chain mail        |       |       |   118 |    62 |       ||   180
       Scale mail        |       |       |    10 |       |       ||    10
       Plate armour      |       |       |       |   249 |   278 ||   527
Dodge: Dodged            |    41 |    88 |    99 |   246 |   278 ||   752
